AoeStats
← MAVERICK

Fortress

510151803Analyzed
3v3 RM · 1d ago on Sep 29, 2026· 39m 32s· 6 players
Game mode
Random Map
Map size
Large (8 player)
Population
200
Speed
Normal
Resources
Standard
Victory
Conquest
Starting age
Dark Age
Ending age
Imperial Age
RankedLock teamsTeams togetherTeam positionsShared explorationLock speedFull tech treeHidden civsTurbo modeCheats
Victory
Defeat
🇦🇷 Persians · Argentina
1174
+15
🇦🇷 Britons · Argentina
1171
+15
🇦🇷 Spanish · Argentina
1128
+16
🇭🇺 Maya · Hungary
1164
-43
🇬🇧 Saxons · United Kingdom
1140
-15
🇭🇺 Chinese · Hungary
1128
-15
kispalb
6:34 Feudal Age
8:10 Double-Bit Axe
11:38 Horse Collar
14:45 Castle Age
12:42 Stone Mining
14:03 Loom
16:02 Fletching
22:00 Ballistics
21:44 Padded Archer Armor
28:50 Heavy Plow
29:21 Gold Mining
32:49 Bodkin Arrow
33:10 Leather Archer Armor
32:20 Man-at-Arms
33:03 Squires
39:00 Imperial Age
37:50 Arson
38:19 Forging
38:10 Scale Mail Armor
38:17 Scale Barding Armor
38:38 Bloodlines
38:31 Husbandry
LGee
5:45 Loom
7:50 Feudal Age
11:51 Castle Age
10:27 Scale Mail Armor
11:03 Forging
23:18 Gambesons
24:36 Chain Mail Armor
30:24 Imperial Age
28:10 Gold Mining
28:09 Double-Bit Axe
29:19 Pikeman
31:20 Squires
33:42 Iron Casting
36:43 Conscription
36:48 Halberdier
38:12 Bow Saw
bigblp
3:47 Loom
8:42 Feudal Age
9:22 Horse Collar
9:30 Double-Bit Axe
11:04 Wheelbarrow
10:25 Gold Mining
16:52 Castle Age
16:06 Fletching
16:46 Padded Archer Armor
17:08 Crossbowman
20:09 Bodkin Arrow
20:38 Leather Archer Armor
22:27 Bow Saw
23:42 Thumb Ring
24:28 Heavy Plow
27:54 Hand Cart
33:03 Town Watch
35:25 Town Patrol
37:11 Coinage
40:09 Imperial Age
MAVERICK
9:05 Feudal Age
7:21 Loom
13:39 Castle Age
11:38 Double-Bit Axe
11:35 Horse Collar
12:30 Gold Mining
12:33 Stone Mining
14:25 Bow Saw
14:28 Heavy Plow
16:52 Scale Barding Armor
20:03 Chain Barding Armor
20:24 Husbandry
23:17 Gold Shaft Mining
23:25 Wheelbarrow
24:14 Bloodlines
25:34 Forging
26:26 Hand Cart
31:07 Imperial Age
28:42 Town Watch
31:15 Stone Shaft Mining
30:43 Cavalier
32:03 Plate Barding Armor
32:05 Iron Casting
31:24 Fletching
32:50 Two-Man Saw
32:23 Crop Rotation
33:35 Savar
36:16 Blast Furnace
35:13 Bodkin Arrow
38:11 Padded Archer Armor
rstizza
9:04 Feudal Age
13:17 Castle Age
11:15 Double-Bit Axe
13:46 Gold Mining
15:42 Bow Saw
15:43 Scale Barding Armor
20:53 Stone Mining
21:18 Horse Collar
24:04 Scale Mail Armor
24:27 Chain Barding Armor
25:59 Husbandry
25:29 Elite Skirmisher
26:57 Heavy Plow
28:46 Wheelbarrow
33:44 Imperial Age
32:11 Hand Cart
32:21 Forging
34:23 Iron Casting
33:51 Cavalier
35:09 Plate Barding Armor
37:34 Stone Shaft Mining
38:19 Hoardings
37:16 Sappers
38:07 Conscription
38:31 Light Cavalry
balgarv
9:05 Feudal Age
12:56 Castle Age
11:00 Double-Bit Axe
11:05 Horse Collar
11:58 Loom
14:14 Bow Saw
18:02 Fletching
21:55 Bodkin Arrow
27:46 Heavy Plow
30:29 Imperial Age
29:02 Padded Archer Armor
29:46 Murder Holes
31:30 Bracer
33:17 Chemistry
32:41 Ballistics
33:22 Chemistry
35:29 Elite Longbowman
37:09 Siege Engineers
37:51 Scale Mail Armor
38:11 Leather Archer Armor
37:54 Gold Mining
40:07 Two-Man Saw
39:35 Yeomen
38:59 Man-at-Arms
39:24 Gambesons
39:57 Chain Mail Armor
40:18 Forging
40:38 Ring Archer Armor
Connection lost

Rejoining the realm…

Still unreachable

The connection could not be restored.

Session expired

The server has moved on; the page needs a fresh start.